Map: Ulrena

Players

LiquidMaNa (MaNa) - Winner!

  • Race: Protoss Protoss
  • League: Grandmaster

Harstem

  • Race: Protoss Protoss
  • League: Grandmaster

Event: 2016 WCS Winter Challenger Europe

VOD

Have the link to the VOD?

Description

Time

  • Played on: Feb. 13, 2016, 10:38 a.m.
  • Length: 14:22

All games in this series

Show
View Real Time Build Order
Export as new Build Order

LiquidMaNa Protoss - Winner!

Build Orders: Oracle Opening 

Get SALT Encoding   

  12  0:00  Probe (Chrono Boost)  
  13  0:11  Probe (Chrono Boost)  
  14  0:18  Pylon  
  14  0:22  Probe (Chrono Boost)  
  15  0:36  Probe (Chrono Boost), Gateway  
  16  0:46  Probe (Chrono Boost)  
  16  0:48  Assimilator  
  17  0:57  Probe (Chrono Boost)  
  17  0:58  Assimilator  
  18  1:06  Gateway  
  18  1:08  Probe (Chrono Boost)  
  19  1:18  Probe (Chrono Boost)  
  19  1:24  Cybernetics Core  
  20  1:29  Probe (Chrono Boost)  
  21  1:33  Pylon  
  22  1:40  Probe (Chrono Boost)  
  22  1:50  Probe (Chrono Boost)  
  23  2:00  Stalker x2  
  27  2:02  Warp Gate (Chrono Boost)  
  27  2:09  Mothership Core  
  29  2:18  Pylon  
  29  2:33  Probe  
  29  2:36  Stargate  
  29  2:45  Probe  
  30  2:57  Probe  
  30  2:58  Stalker  
  33  2:59  Stalker  
  35  3:21  Oracle (Chrono Boost)  
  35  3:22  Pylon  
  39  3:34  Probe  
  39  3:44  Nexus  
  39  3:55  Stalker x2  
  43  3:59  Probe  
  44  4:11  Probe  
  45  4:20  Sentry  
  45  4:21  Sentry  
  46  4:26  Gateway  
  44  4:41  Gateway  
  44  4:43  Pylon  
  44  4:46  Sentry  
  44  4:49  Pylon  
  44  4:54  Zealot  
  44  4:56  Mothership Core (Chrono Boost)  
  42  5:11  Zealot  
  44  5:14  Phoenix  
  42  5:21  Zealot  
  42  5:26  Zealot  
  44  5:34  Stalker  
  44  5:40  Zealot  
  44  5:41  Zealot  
  43  5:51  Adept  
  41  5:59  Adept x2  
  41  6:03  Stalker  
  37  6:32  Sentry  
  39  6:36  Probe  
  39  6:37  Sentry  
  42  6:49  Probe x2 (Chrono Boost)  
  44  7:00  Probe x2 (Chrono Boost)  
  46  7:07  Robotics Facility  
  40  7:24  Probe (Chrono Boost)  
  40  7:25  Probe (Chrono Boost)  
  40  7:27  Oracle (Chrono Boost)  
  45  7:34  Probe (Chrono Boost)  
  45  7:35  Probe (Chrono Boost)  
  47  7:39  Assimilator  
  47  7:44  Probe  
  47  7:47  Probe  
  47  7:49  Pylon  
  49  7:54  Probe (Chrono Boost)  
  49  7:55  Pylon  
  50  7:59  Probe (Chrono Boost)  
  51  8:07  Probe (Chrono Boost)  
  51  8:10  Probe (Chrono Boost)  
  53  8:13  Observer  
  53  8:17  Probe (Chrono Boost)  
  55  8:21  Probe (Chrono Boost)  
  56  8:28  Probe (Chrono Boost)  
  56  8:31  Probe (Chrono Boost)  
  58  8:34  Immortal (Chrono Boost)  
  58  8:38  Probe (Chrono Boost), Twilight Council  
  58  8:40  Sentry  
  65  8:42  Probe (Chrono Boost)  
  66  8:49  Probe (Chrono Boost)  
  66  8:51  Assimilator  
  66  8:53  Probe (Chrono Boost)  
  68  8:59  Probe (Chrono Boost)  
  69  9:02  Robotics Bay  
  69  9:04  Probe (Chrono Boost)  
  69  9:09  Pylon  
  70  9:13  Probe (Chrono Boost)  
  70  9:14  Probe (Chrono Boost)  
  70  9:22  Pylon  
  70  9:25  Warp Prism (Chrono Boost)  
  70  9:28  Pylon  
  72  9:32  Blink (Chrono Boost)  
  72  9:49  Nexus  
  72  9:50  Gravitic Drive (Chrono Boost)  
  72  9:54  Disruptor  
  72  9:58  Probe x2  
  77  10:02  Pylon  
  77  10:10  Probe x2  
  79  10:22  Probe  
  79  10:23  Probe  
  79  10:27  Robotics Facility  
  81  10:30  Disruptor  
  81  10:35  Probe x2  
  85  10:45  Stalker x4  
  93  10:50  Forge  
  93  11:02  Disruptor  
  93  11:05  Probe  
  93  11:07  Probe x2  
  103  11:18  Immortal  
  103  11:21  Assimilator x2  
  103  11:30  Probe  
  103  11:31  Probe x2  
  106  11:41  Probe, Stalker x4  
  115  11:48  Protoss Ground Weapons Level 1 (Chrono Boost)  
  115  11:49  Pylon  
  115  11:54  Pylon  
  115  12:02  Disruptor  
  115  12:07  Disruptor  
  121  12:09  Stalker x2  
  121  12:13  Stalker x2  
  129  12:30  Probe x2  
  131  12:40  Gateway x2  
  131  12:41  Gateway  
  131  12:43  Gateway  
  131  12:45  Gateway  
  131  12:59  Pylon  
  131  13:02  Pylon  
  131  13:09  Pylon  
  131  13:11  Pylon  
  131  13:12  Immortal  
  131  13:16  Pylon  
  131  13:17  Pylon x2  
  131  13:19  Stalker  
  137  13:20  Stalker x2  
  124  13:36  Stalker  
  124  13:51  Stalker x3  
  124  14:05  Stalker  
  124  14:06  Stalker x4  
Show
View Real Time Build Order
Export as new Build Order

Harstem Protoss 

Build Orders:  

Get SALT Encoding   

  12  0:01  Probe (Chrono Boost)  
  13  0:11  Probe (Chrono Boost)  
  14  0:18  Pylon  
  14  0:22  Probe (Chrono Boost)  
  15  0:37  Probe (Chrono Boost), Gateway  
  16  0:47  Probe (Chrono Boost)  
  16  0:48  Assimilator  
  17  0:52  Assimilator  
  17  0:58  Probe (Chrono Boost)  
  18  1:08  Probe (Chrono Boost)  
  19  1:11  Pylon  
  19  1:19  Probe (Chrono Boost)  
  19  1:25  Cybernetics Core  
  20  1:29  Probe (Chrono Boost)  
  21  1:40  Probe (Chrono Boost)  
  22  1:50  Probe (Chrono Boost)  
  24  2:01  Stalker (Chrono Boost)  
  24  2:03  Warp Gate (Chrono Boost)  
  24  2:04  Pylon, Mothership Core  
  27  2:23  Robotics Facility  
  30  2:35  Sentry  
  29  2:47  Gateway  
  29  2:48  Gateway  
  29  2:57  Pylon  
  28  3:16  Immortal (Chrono Boost)  
  32  3:50  Pylon, Warp Prism (Chrono Boost)  
  32  3:52  Gateway  
  34  4:00  Stalker x3  
  36  4:19  Probe (Chrono Boost)  
  37  4:30  Probe (Chrono Boost)  
  38  4:32  Pylon  
  38  4:43  Stalker x3  
  44  4:47  Probe (Chrono Boost)  
  41  5:08  Sentry x3  
  41  5:11  Probe (Chrono Boost)  
  48  5:21  Probe (Chrono Boost)  
  47  5:31  Stalker  
  47  5:32  Stalker  
  47  5:33  Probe (Chrono Boost)  
  48  5:35  Adept  
  50  5:56  Stalker x2  
  48  6:07  Stalker  
  37  6:29  Sentry  
  37  6:32  Probe (Chrono Boost)  
  37  6:37  Nexus  
  37  6:42  Stalker, Sentry  
  37  6:43  Probe (Chrono Boost)  
  42  6:53  Probe (Chrono Boost)  
  43  7:04  Probe (Chrono Boost)  
  43  7:05  Pylon  
  43  7:07  Observer (Chrono Boost)  
  45  7:15  Probe (Chrono Boost)  
  44  7:27  Probe (Chrono Boost), Adept  
  47  7:34  Immortal (Chrono Boost)  
  51  7:38  Probe  
  52  7:50  Probe  
  53  7:55  Probe, Stalker  
  56  8:02  Probe  
  56  8:05  Probe  
  58  8:14  Probe  
  57  8:23  Probe  
  57  8:27  Probe  
  58  8:34  Probe  
  58  8:39  Probe (Chrono Boost)  
  58  8:40  Twilight Council, Robotics Bay  
  60  8:43  Nexus  
  60  8:46  Probe (Chrono Boost)  
  61  8:51  Probe (Chrono Boost)  
  61  8:54  Pylon  
  62  8:58  Sentry  
  63  9:03  Probe (Chrono Boost), Assimilator  
  63  9:06  Probe (Chrono Boost)  
  63  9:07  Blink (Chrono Boost), Assimilator  
  65  9:14  Probe (Chrono Boost)  
  65  9:15  Probe (Chrono Boost)  
  66  9:25  Probe x2  
  68  9:35  Disruptor (Chrono Boost)  
  68  9:37  Pylon  
  73  9:41  Stalker  
  73  9:45  Gateway  
  73  9:47  Gateway  
  73  9:48  Probe  
  73  9:59  Probe  
  73  10:02  Stalker x2  
  73  10:04  Probe  
  73  10:06  Probe  
  80  10:09  Probe, Disruptor (Chrono Boost)  
  84  10:16  Probe  
  84  10:18  Probe  
  86  10:21  Probe  
  86  10:22  Stalker  
  86  10:26  Forge  
  86  10:28  Probe  
  90  10:32  Probe  
  90  10:34  Probe  
  92  10:40  Probe  
  92  10:41  Robotics Facility  
  93  10:44  Probe, Disruptor (Chrono Boost)  
  97  10:52  Stalker x2  
  101  10:58  Probe  
  101  11:01  Probe  
  101  11:04  Probe  
  100  11:05  Stalker x2  
  100  11:08  Probe  
  105  11:13  Probe  
  105  11:16  Probe  
  107  11:19  Probe  
  107  11:21  Assimilator  
  107  11:24  Assimilator  
  107  11:25  Probe  
  108  11:28  Probe  
  108  11:31  Photon Cannon  
  109  11:35  Pylon  
  109  11:36  Probe  
  109  11:38  Disruptor (Chrono Boost)  
  107  11:41  Probe  
  107  11:42  Probe  
  109  11:47  Pylon  
  111  11:54  Pylon  
  111  11:56  Pylon  
  111  11:59  Photon Cannon  
  109  12:07  Stalker x2  
  113  12:09  Disruptor (Chrono Boost)  
  113  12:12  Nexus  
  116  12:23  Disruptor (Chrono Boost)  
  116  12:24  Probe (Chrono Boost)  
  116  12:26  Probe (Chrono Boost)  
  116  12:29  Pylon  
  121  12:33  Probe (Chrono Boost)  
  121  12:37  Stalker x3  
  124  12:39  Probe (Chrono Boost)  
  124  12:40  Gravitic Drive  
  124  12:41  Dark Shrine  
  124  12:42  Sentry, Disruptor  
  134  12:57  Probe (Chrono Boost), Disruptor  
  135  13:02  Stalker x4  
  146  13:07  Pylon  
  146  13:16  Disruptor  
  146  13:18  Probe (Chrono Boost)  
  147  13:22  Photon Cannon  
  147  13:23  Pylon  
  136  13:34  Disruptor  
  136  13:37  Stalker x4  
  136  13:38  Stalker  
  116  14:06  Stalker x5  
Tags
 
Add a new tag
Caveats
  • Supply blocks, unpowered buildings, or Contaminate may cause inaccurate times.
  • Supply counts are checked every 10 seconds.